 Dungeon Crawl Stone Soup version 0.17.0-24-gcfadda4 (webtiles) character file.

6034 Helmschank the Grappler (level 10, -1/98 HPs)
             Began as a Troll Hunter on Nov 15, 2015.
             Was an Elder of Cheibriados.
             Slain by an orc warrior
             ... wielding a +0 glaive
              (9 damage)
             ... on level 9 of the Dungeon on Nov 16, 2015.
             The game lasted 00:42:45 (7640 turns).

Helmschank the Grappler (Troll Hunter)              Turns: 7640, Time: 00:42:45

Health: -1/98      AC:  8    Str: 34    XL:     10   Next: 56%
Magic:  9/9        EV: 13    Int: 17    God:    Cheibriados [****..]
Gold:   562        SH:  0    Dex: 21    Spells: 0 memorised, 9 levels left

rFire  + . .     SeeInvis .       - Unarmed
rCold  + . .     Clarity  .     t - +2 robe {rC+ rF+}
rNeg   . . .     SustAt   .     (no shield)
rPois  .         Gourm    +     G - +1 hat
rElec  .         Spirit   .     (no cloak)
rCorr  .         Warding  .     (gloves unavailable)
rMut   .         Stasis   .     (boots unavailable)
MR     .....                    (no amulet)
Stlth  ++........               (no ring)
                                x - ring of wizardry

@: heavily drained, very slow, not resistant to hostile enchantments, unstealthy
A: unfitting armour, claws 3, fast metabolism 3, gourmand, regeneration 2,
shaggy fur 1, tough skin 2
a: Bend Time, Temporal Distortion, Slouch, Renounce Religion


You were on level 9 of the Dungeon.
You worshipped Cheibriados.
Cheibriados was greatly pleased with you.
You were very full.

You visited 2 branches of the dungeon, and saw 10 of its levels.

You collected 562 gold pieces.

Inventory:

Hand Weapons
 s - a +4 dagger of venom
 w - a +0 giant spiked club
Missiles
 q - 240 stones (quivered)
 K - 7 curare-tipped needles
Armour
 d - a +1 robe
 t - a +2 robe of resistance (worn)
 G - a +1 hat (worn)
Jewellery
 x - a ring of wizardry (left claw)
Wands
 b - a wand of lightning (6)
 z - a wand of slowing (27)
 H - a wand of cold (9)
 L - a wand of frost (15)
Scrolls
 e - a scroll of fog
 h - a scroll of fear
 j - 4 scrolls of teleportation
 n - a scroll of enchant weapon
 o - a scroll of immolation
 r - 2 scrolls of noise
 u - 4 scrolls of remove curse
 y - 3 scrolls of blinking
Potions
 a - a potion of haste {unknown}
 f - a potion of lignification
 g - a potion of berserk rage {unknown}
 m - 6 potions of curing
 v - a potion of ambrosia {unknown}
 A - a potion of resistance {unknown}
 B - a potion of brilliance {unknown}
 C - a potion of mutation {unknown}
 D - a potion of degeneration {unknown}
 E - a potion of cure mutation {unknown}
 J - a potion of flight {unknown}
 M - a potion of beneficial mutation {unknown}
 N - a potion of cancellation {unknown}
Comestibles
 c - 10 royal jellies
 i - 4 beef jerkies
 l - 2 slices of pizza
 p - 2 meat rations
 F - 6 bread rations


   Skills:
 + Level 6.0(4.5) Fighting
 + Level 7.5(5.9) Throwing
 + Level 6.1(4.6) Dodging
 - Level 0.4(0.0) Stealth
 * Level 10.2(8.5) Unarmed Combat


You had 9 spell levels left.
You didn't know any spells.

Dungeon Overview and Level Annotations

Branches:
Dungeon (9/15)             Temple (1/1) D:6
   Lair: D:8-11         Orc: D:9-12

Altars:
Ashenzari
Cheibriados
Dithmenos
Elyvilon
Fedhas
Gozag
Kikubaaqudgha
Makhleb
Nemelex Xobeh
Okawaru
Qazlal
Ru
Sif Muna
Trog
Vehumet
Xom
Yredelemnul
Zin
The Shining One

Shops:
D:4 [   D:6 :

Annotations:
D:4 shmup's ghost, amateur GrBe
D:9 Erica


Innate Abilities, Weirdness & Mutations

You are too large for most types of armour.
You have claws for hands.
Your metabolism is lightning-fast.
You like to eat raw meat.
You heal very quickly.
You are covered in fur (AC +1).
You have very tough skin (AC +2).


Message History

The orc is lightly wounded.
The orc hits you.
* * * LOW HITPOINT WARNING * * *
You barely miss the orc.
The orc is lightly wounded.
The orc closely misses you.
You claw the orc!
You kill the orc!
Cheibriados thoroughly appreciates the change of pace.
You start resting.
The orc warrior hits you from afar with a glaive!
* * * LOW HITPOINT WARNING * * *
Drink which item? (? for menu, Esc to quit)
You feel much better.
The orc warrior hits you from afar with a glaive!
* * * LOW HITPOINT WARNING * * *
The orc warrior hits you from afar with a halberd of protection!!
* * * LOW HITPOINT WARNING * * *
The orc warrior hits you with a glaive!
You die...

##### ....##
########
###..###.....[#####
.........)......@.#
≈≈≈≈≈≈≈≈≈≈≈8.####o#
≈≈≈≈≈≈≈≈≈≈8≈.# #o#
########'.≈≈.####o##
...o....#o≈≈)....%.#
o..o....##≈≈.####..#
o..oo.(.).)..# #..#
........##≈≈.# #..#
...o....#.≈≈.# .(.#


You could see 2 orc warriors and an orc.

Vanquished Creatures
  The ghost of Esekla the Slicer, a novice TeWr of Vehumet (D:9)
  A manticore (D:7)
  A queen bee (D:8)
  Prince Ribbit (D:9)
  The ghost of shmup the Chopper, an amateur GrBe of Trog (D:6)
  A wyvern (D:8)
  A hippogriff (D:7)
  A water moccasin (D:8)
  A black bear (D:8)
  3 orc warriors
  2 sky beasts
  3 phantoms
  3 ice beasts
  3 ogres
  4 centaurs
  Dowan (D:5)
  2 giant frogs
  3 scorpions
  23 killer bees (D:8)
  3 electric eels (D:9)
  A centaur zombie (D:8)
  A crimson imp (D:7)
  3 hounds
  A quasit (D:7)
  3 orc priests
  2 centaur skeletons
  A giant frog zombie (D:7)
  2 gnoll shamans
  5 orc wizards
  2 jellies
  A giant frog skeleton (D:7)
  Jessica (D:2)
  2 worker ants
  A killer bee zombie (D:6)
  A hound zombie (D:6)
  3 worker ant zombies
  7 adders
  14 gnolls
  5 shadow imps
  An ooze (D:7)
  2 adder zombies
  3 giant geckos
  29 orcs
  7 bats
  4 giant cockroaches
  5 goblins
  8 hobgoblins
  9 jackals
  A quokka (D:7)
  A giant gecko skeleton (D:4)
  3 giant newts
  5 kobolds
  A quokka skeleton (D:4)
  6 rats
200 creatures vanquished.

Vanquished Creatures (others)
  Duvessa (D:5)
1 creature vanquished.

Grand Total: 201 creatures vanquished

Notes
Turn   | Place    | Note
--------------------------------------------------------------
     0 | D:1      | Helmschank the Troll Hunter began the quest for the Orb.
     0 | D:1      | Reached XP level 1. HP: 19/19 MP: 0/0
   309 | D:1      | Reached skill level 1 in Unarmed Combat
   597 | D:2      | Reached XP level 2. HP: 27/27 MP: 1/1
   630 | D:2      | Found a glowing golden altar of the Shining One.
   631 | D:2      | Found a shimmering altar of Xom.
  1007 | D:2      | Reached XP level 3. HP: 35/35 MP: 2/2
  1025 | D:2      | Noticed Jessica
  1029 | D:2      | Killed Jessica
  1138 | D:2      | Reached XP level 4. HP: 42/42 MP: 3/3
  1598 | D:3      | Found a burning altar of Makhleb.
  1607 | D:3      | Reached skill level 4 in Throwing
  1786 | D:3      | Noticed a centaur
  1796 | D:3      | Killed a centaur
  1796 | D:3      | Reached XP level 5. HP: 36/50 MP: 4/4
  1966 | D:4      | Noticed shmup's ghost (amateur GrBe)
  2018 | D:4      | Noticed an ogre
  2023 | D:4      | Killed an ogre
  2023 | D:4      | Reached XP level 6. HP: 44/59 MP: 5/5
  2465 | D:4      | Found Naelyup's Antique Armour Emporium.
  2838 | D:5      | Entered Level 5 of the Dungeon
  2838 | D:5      | Found a stormy altar of Qazlal.
  2926 | D:5      | Reached XP level 7. HP: 51/66 MP: 6/6
  2989 | D:5      | Noticed Dowan
  2990 | D:5      | Noticed Duvessa
  3002 | D:5      | Killed Duvessa
  3002 | D:5      | Reached skill level 5 in Unarmed Combat
  3010 | D:5      | Killed Dowan
  3010 | D:5      | Reached skill level 5 in Throwing
  3391 | D:5      | Found a shadowy altar of Dithmenos.
  3438 | D:5      | Reached XP level 8. HP: 67/75 MP: 7/7
  4074 | D:6      | Found a snail-covered altar of Cheibriados.
  4113 | D:6      | Became a worshipper of Cheibriados the Contemplative
  4135 | D:6      | Killed shmup's ghost
  4135 | D:6      | Reached skill level 6 in Unarmed Combat
  4190 | D:6      | Found Decill's Book Shop.
  4577 | D:6      | Found a staircase to the Ecumenical Temple.
  4581 | Temple   | Entered the Ecumenical Temple
  5018 | D:7      | Noticed a manticore
  5041 | D:7      | Killed a manticore
  5041 | D:7      | Reached * piety under Cheibriados
  5041 | D:7      | Reached skill level 7 in Unarmed Combat
  5041 | D:7      | Reached XP level 9. HP: 19/85 MP: 8/8
  5416 | D:7      | Found an opulent altar of Gozag.
  5856 | D:8      | Reached skill level 5 in Dodging
  5856 | D:8      | Reached skill level 8 in Unarmed Combat
  5989 | D:8      | Reached ** piety under Cheibriados
  6109 | D:8      | Reached skill level 5 in Fighting
  6155 | D:8      | Reached skill level 9 in Unarmed Combat
  6160 | D:8      | Reached *** piety under Cheibriados
  6278 | D:8      | Reached XP level 10. HP: 78/96 MP: 9/9
  6675 | D:8      | Reached **** piety under Cheibriados
  7070 | D:9      | Noticed Prince Ribbit
  7070 | D:9      | Noticed Esekla's ghost (novice TeWr)
  7073 | D:9      | Killed Prince Ribbit
  7081 | D:9      | Killed Esekla's ghost
  7081 | D:9      | Reached skill level 10 in Unarmed Combat
  7360 | D:9      | Noticed Erica
  7475 | D:9      | Found a sparkling altar of Nemelex Xobeh.
  7640 | D:9      | Slain by an orc warrior

Action                   |  1- 3 |  4- 6 |  7- 9 | 10-12 || total
-------------------------+-------+-------+-------+-------++-------
Melee: Unarmed           |    76 |   118 |   279 |    93 ||   566
Throw: Large rock        |     1 |     3 |    58 |    29 ||    91
       Throwing net      |       |       |     5 |       ||     5
       Stone             |       |       |    27 |    15 ||    42
  Use: Scroll            |       |    10 |     2 |     2 ||    14
       Potion            |       |       |     1 |     1 ||     2
 Stab: Sleeping          |       |     1 |       |     3 ||     4
  Eat: Chunk             |    13 |    19 |    23 |     7 ||    62
       Bread ration      |       |       |     1 |       ||     1
